Map: Odyssey LE

Players

Sadist

  • Race: Terran Terran
  • League: Master
  • Spawn Location: 5:00

iggythefisk

  • Race: Terran Terran
  • Spawn Location: 11:00

PhynixHduO

  • Race: Terran Terran
  • League: Diamond

matathemyra

  • Race: Terran Terran

VOD

Have the link to the VOD?

Description

Time

  • Played on: Nov. 20, 2017, 3:16 p.m.
  • Length: 4:35
Show
View Real Time Build Order
Export as new Build Order

Sadist Terran 

Build Orders: Cyclone Opening 

Get SALT Encoding   

  12  0:00  SCV  
  13  0:12  SCV  
  14  0:17  Supply Depot  
  14  0:24  SCV  
  15  0:31  Refinery  
  15  0:39  SCV  
  16  0:46  Barracks  
  16  0:52  SCV  
  17  1:04  SCV  
  18  1:06  Refinery  
  18  1:16  SCV  
  19  1:28  SCV  
  20  1:35  Factory  
  20  1:41  Orbital Command  
  20  1:45  Reaper  
  21  2:01  Supply Depot  
  21  2:06  SCV  
  22  2:17  Reaper  
  22  2:18  Factory Reactor  
  22  2:22  SCV  
  24  2:34  SCV  
  24  2:35  Supply Depot  
  25  2:46  SCV  
  26  2:54  Cyclone  
  26  2:57  Cyclone  
  32  2:59  SCV, Barracks Reactor  
  33  3:13  Command Center  
  33  3:21  Supply Depot  
  33  3:25  SCV  
  34  3:33  Cyclone  
  36  3:38  SCV  
  36  3:39  Marine x2  
  39  3:48  Cyclone  
  42  3:50  SCV  
  44  4:02  SCV  
  44  4:08  Barracks Tech Lab  
  44  4:09  Supply Depot  
  41  4:14  SCV  
  45  4:23  Refinery x2  
Show
View Real Time Build Order
Export as new Build Order

iggythefisk Terran 

Build Orders:  

Get SALT Encoding   

  12  0:00  SCV  
  13  0:12  SCV  
  14  0:19  Supply Depot  
  14  0:24  SCV  
  15  0:40  SCV  
  15  0:42  Barracks  
  16  0:52  SCV  
  17  1:02  Refinery  
  17  1:04  SCV  
  18  1:16  SCV  
  19  1:29  SCV  
  20  1:38  Command Center  
  20  1:42  Orbital Command  
  21  1:47  Reaper  
  21  1:55  Supply Depot  
  21  2:03  Refinery  
  21  2:10  SCV  
  22  2:19  Reaper  
  22  2:22  SCV  
  24  2:34  Factory, SCV  
  25  2:46  SCV  
  25  2:50  Orbital Command  
  26  2:56  Factory  
  26  2:58  SCV  
  26  3:01  Barracks Reactor  
  26  3:10  SCV  
  27  3:22  Cyclone  
  27  3:25  Supply Depot  
  30  3:38  Marine x2  
  30  3:39  Orbital Command  
  26  3:58  SCV  
  27  4:07  SCV  
  28  4:10  SCV, Factory Tech Lab  
  29  4:19  SCV  
Show
View Real Time Build Order
Export as new Build Order

PhynixHduO Terran 

Build Orders:  

Get SALT Encoding   

Show
View Real Time Build Order
Export as new Build Order

matathemyra Terran 

Build Orders:  

Get SALT Encoding   

Tags
 
Add a new tag
Caveats
  • Supply blocks, unpowered buildings, or Contaminate may cause inaccurate times.
  • Supply counts are checked every 10 seconds.